 Dungeon Crawl Stone Soup version v3.33-hellcrawl-38-g61495e2 (webtiles) character file.

3 qqqbard the Chopper (level 8, -2/70 HPs) *CASUAL*
             Began as a Hill Orc Fighter on July 21, 2017.
             Splashed by a jelly's acid (6 damage)
             ... on level 5 of the Dungeon.
             The game lasted 00:09:30 (3660 turns).

qqqbard the Chopper (Hill Orc Fighter)              Turns: 3660, Time: 00:09:31

Health: -2/70      AC:  2 (28%)Str: 21  XL:     8   Next: 18%
Magic:  8/8        EV:  9    Int:  8    God:
Gold:   315        SH:  0    Dex: 10    Spells: 7/7 levels left

rFire    . . .     SeeInvis .   a - +0 war axe
rCold    . . .     Faith    .   c - +0 shield
rNeg     . . .     Spirit   .   b - +0 scale mail
rPois    .         Reflect  .   (no helmet)
rElec    .                      p - +1 cloak
rCorr    .                      (no gloves)
MR       .....                  o - +0 pair of boots
Stlth    ..........             (no amulet)
Regen    0.3/turn               (no ring)
MPRegen  0.2/turn               (no ring)

@: confused, lethally poisoned (-2 -> -12), corroded
A: no striking features
a: no special abilities


You were on level 5 of the Dungeon.
You were not hungry.

You visited 1 branch of the dungeon, and saw 5 of its levels.
You visited the Abyss 1 time.
You also visited: Sewer.

You collected 315 gold pieces.

Inventory:

Hand Weapons
 a - a +0 war axe (weapon)
Missiles
 e - 185 arrows
 g - 1806 stones (quivered)
 h - 252 bolts
Armour
 b - a +0 scale mail (worn)
 c - a +0 shield (worn)
 o - a +0 pair of boots (worn)
 p - a +1 cloak (worn)
Jewellery
 n - a +3 amulet of reflection
 u - an uncursed ring of magical power
Wands
 i - a wand of acid (9)
 v - a wand of paralysis (7)
Scrolls
 j - a scroll of fog
 l - 2 scrolls of teleportation
 s - 2 scrolls of fear
Potions
 d - 3 potions of might
 f - 4 potions of curing
 k - a potion of agility
 m - a potion of cancellation
 q - 3 potions of magic
 r - a potion of heal wounds
 t - a potion of brilliance


   Skills:
 + Level 5.8 Fighting
 * Level 7.5 Axes
 + Level 5.0 Armour
 + Level 2.7 Dodging
 + Level 5.4 Shields


You had 7 spell levels left.
You didn't know any spells.

Dungeon Overview and Level Annotations

Branches:
Dungeon (5/15)

Altars:
Dithmenos
Elyvilon
Gozag
Hepliaklqana
Makhleb
Nemelex Xobeh
Okawaru
Qazlal
Trog
Uskayaw
Vehumet
Xom
Yredelemnul
Jiyva


Message History

You miss the hound. You hit the worker ant (4).
You feel sick. The hound bites you (4). The jelly closely misses you.
Something hits you but does no damage. The hound bites you (3).
The worker ant barely misses you.
You feel sick. The hound bites you (2).
* * * LOW HITPOINT WARNING * * *
The jelly hits you (2).
* * * LOW HITPOINT WARNING * * *
You are splashed with acid!
The acid burns (6)!
* * * LOW HITPOINT WARNING * * *
Something hits you (2).
* * * LOW HITPOINT WARNING * * *
The hound bites you (4).
* * * LOW HITPOINT WARNING * * *
You see here a +0 flail.
* * * LOW HITPOINT WARNING * * *
You feel sick. The jelly hits you (1).
* * * LOW HITPOINT WARNING * * *
You are splashed with acid!
The acid burns (6)!
You die...

..........##
............##
.............#
.............#
.............#
............#
>......>....##
........@....#
#.....)aJ..#..#
#.....{.h.##
##.......##
#......##
##....## ##..#
###


You could see a hound, a jelly and a worker ant.

Vanquished Creatures
  An ogre (D:3)
  Blork the orc (D:4)
  2 hounds
  A quasit (D:4)
  An orc wizard (D:3)
  11 adders
  2 gnolls (D:5)
  2 oozes
  An adder skeleton (D:4)
  2 dart slugs
  4 orcs
  5 quokkas
  5 giant cockroaches
  2 goblins
  5 hobgoblins
  6 jackals
  5 ball pythons
  10 bats
  5 frilled lizards
  7 kobolds
  A quokka skeleton (D:5)
  10 rats
  9 plants (Sewer)
98 creatures vanquished.

Vanquished Creatures (others)
  A plant (Sewer)
1 creature vanquished.

Grand Total: 99 creatures vanquished

Notes
Turn   | Place    | Note
-------+----------+-------------------------------------------
     0 | D:1      | qqqbard the Hill Orc Fighter began the quest for the Orb.
     0 | D:1      | Reached XP level 1. HP: 19/19 MP: 1/1
    50 | D:1      | Reached skill level 3 in Axes
    50 | D:1      | Reached XP level 2. HP: 27/27 MP: 2/2
   168 | D:1      | Reached XP level 3. HP: 33/33 MP: 3/3
   494 | D:2      | Reached XP level 4. HP: 17/40 MP: 4/4
   789 | D:2      | Found a white marble altar of Elyvilon.
   846 | D:2      | Found a shimmering altar of Xom.
   860 | D:2      | Found a viscous altar of Jiyva.
   913 | D:2      | Found a shimmering altar of Xom.
   913 | D:2      | Found a shimmering altar of Xom.
   914 | D:2      | Found a shimmering altar of Xom.
   914 | D:2      | Found a faded altar of an unknown god.
   914 | D:2      | Found a shimmering altar of Xom.
   915 | D:2      | Found a shimmering altar of Xom.
   915 | D:2      | Found a shimmering altar of Xom.
   916 | D:2      | Found a radiant altar of Vehumet.
   966 | D:2      | Found a sparkling altar of Nemelex Xobeh.
   971 | D:2      | Reached skill level 4 in Axes
   974 | D:2      | Found a basalt altar of Yredelemnul.
   983 | D:2      | Found a hazy altar of Hepliaklqana.
  1027 | D:2      | Reached skill level 1 in Dodging
  1193 | D:3      | Reached XP level 5. HP: 47/47 MP: 5/5
  1248 | D:3      | Noticed an ogre
  1257 | D:3      | Killed an ogre
  1257 | D:3      | Reached skill level 5 in Fighting
  1257 | D:3      | Reached skill level 5 in Axes
  1257 | D:3      | Reached XP level 6. HP: 40/56 MP: 6/6
  1370 | D:3      | Noticed a hand axe
  1371 | D:3      | Noticed a hand axe
  1375 | D:3      | Found a hide-covered altar of Uskayaw.
  1422 | D:3      | Found a burning altar of Makhleb.
  1428 | D:3      | Reached XP level 7. HP: 61/61 MP: 7/7
  1624 | D:3      | Reached skill level 6 in Axes
  1878 | D:4      | Noticed Edmund
  1882 | D:4      | Cast into level 1 of the Abyss (Edmund)
  1943 | Abyss:1  | Noticed a naga
  1973 | D:4      | Escaped the Abyss
  2125 | D:4      | Found a glowing drain.
  2219 | Sewer    | Entered a sewer
  2306 | Sewer    | Reached skill level 5 in Shields
  3188 | D:4      | Found a bloodstained altar of Trog.
  3190 | D:4      | Found an iron altar of Okawaru.
  3194 | D:4      | Found an opulent altar of Gozag.
  3246 | D:4      | Found a stormy altar of Qazlal.
  3324 | D:4      | Found a shadowy altar of Dithmenos.
  3375 | D:4      | Found a bloodstained altar of Trog.
  3440 | D:4      | Noticed Blork the orc
  3453 | D:4      | Killed Blork the orc
  3453 | D:4      | Reached skill level 7 in Axes
  3453 | D:4      | Reached skill level 5 in Armour
  3453 | D:4      | Reached XP level 8. HP: 47/70 MP: 8/8
  3646 | D:5      | Entered Level 5 of the Dungeon
  3660 | D:5      | Splashed by a jelly's acid

Skill      XL: |  1  2  3  4  5  6  7 |
---------------+----------------------+-----
Axes           | 3 4 5 7 |  7.5
Fighting       | 4 5 |  5.8
Shields        | 4 5 |  5.4
Dodging        | 1 2 |  2.7
Armour         | 4 5 |  5.0

Action                   |  1- 3 |  4- 6 |  7- 9 || total
-------------------------+-------+-------+-------++-------
Melee: War axe           |    55 |   110 |   289 ||   454
  Use: Scroll            |       |       |     1 ||     1
Armor: Scale mail        |    38 |    69 |   106 ||   213
Dodge: Dodged            |    23 |    38 |    62 ||   123
Block: Shield            |    33 |    60 |   110 ||   203
